 Dungeon Crawl Stone Soup version 0.21.1-1-g345015fe64 (webtiles) character file.

80741 Peloso the Carver (level 15, -1/117 HPs)
             Began as a Demonspawn Fighter on June 19, 2018.
             Was the Champion of Okawaru.
             Killed by nerve-wracking pain
             ... invoked by an orc priest
              (13 damage)
             ... on level 2 of the Orcish Mines.
             The game lasted 01:23:36 (26360 turns).

Peloso the Carver (Demonspawn Fighter)             Turns: 26360, Time: 01:23:37

Health: -1/117     AC: 28    Str: 24    XL:     15   Next: 24%
Magic:  15/15      EV: 10    Int:  9    God:    Okawaru [******]
Gold:   2057       SH: 18    Dex: 22    Spells: 14/14 levels left

rFire    + . .     SeeInvis .   l - +1 scimitar "Lyninolul" {slice, Str+3}
rCold    + . .     Gourm    .   e - +3 shield
rNeg     . . .     Faith    .   o - +3 plate armour {rPois}
rPois    +         Spirit   .   (helmet unavailable)
rElec    +         Reflect  .   F - scarf {cloud immunity}
rCorr    +         Harm     .   b - +0 pair of gloves {Dex+3}
MR       +....                  I - +0 pair of boots
Stlth    ..........             O - amulet of magic regeneration
HPRegen  0.29/turn              N - +6 ring of protection
MPRegen  0.39/turn              E - ring "Mapnent" {rCorr rElec rPois Str-2 Dex+4}

@: no status effects
A: horns 3, icy blue scales 1, cold resistance 1, fire resistance 1, low mp 1,
strong 1, rot immunity
a: Heroism, Finesse, Renounce Religion


You were on level 2 of the Orcish Mines.
You worshipped Okawaru.
Okawaru was exalted by your worship.
You were not hungry.

You visited 4 branches of the dungeon, and saw 22 of its levels.
You also visited: Labyrinth and Ice Cave.

You collected 2057 gold pieces.

Inventory:

Hand Weapons
 l - the +1 scimitar "Lyninolul" (weapon) {slice, Str+3}
   (You found it in a labyrinth)

   It inflicts extra damage upon your enemies.
   It affects your strength (+3).
 n - a +1 scimitar of flaming
Armour
 b - a +0 pair of gloves of dexterity (worn)
 e - a +3 shield (worn)
 o - a +3 plate armour of poison resistance (worn)
 p - a +1 hat of intelligence
 F - a scarf of cloud immunity (worn)
 I - a +0 pair of boots (worn)
Jewellery
 E - the ring "Mapnent" (right hand) {rCorr rElec rPois Str-2 Dex+4}
   (You found it on level 9 of the Dungeon)

   [ring of resist corrosion]

   It affects your strength (-2).
   It affects your dexterity (+4).
   It insulates you from electricity.
   It protects you from poison.
 N - a +6 ring of protection (left hand)
 O - an amulet of magic regeneration (around neck)
Wands
 j - a wand of flame (41)
Scrolls
 g - 5 scrolls of remove curse
 h - 3 scrolls of enchant armour
 i - a scroll of brand weapon
 q - 2 scrolls of magic mapping
 v - 6 scrolls of teleportation
 y - 4 scrolls of identify
 A - a scroll of silence
 B - 3 scrolls of fear
 W - a scroll of blinking
 X - 2 scrolls of fog
Potions
 c - 2 potions of agility
 d - a potion of curing
 m - a potion of invisibility
 x - 2 potions of haste
Comestibles
 a - 4 chunks of flesh
 f - 34 rations


   Skills:
 + Level 10.6 Fighting
 + Level 14.1 Long Blades
   Level 2.2 Polearms
 + Level 10.8 Armour
 + Level 4.9 Dodging
 + Level 2.1 Stealth
 + Level 13.6 Shields
 + Level 0.2 Unarmed Combat
 + Level 3.4 Invocations
 + Level 3.3 Evocations


You had 14 spell levels left.
You didn't know any spells.

Dungeon Overview and Level Annotations

Branches:
Dungeon (13/15)            Temple (1/1) D:4            Lair (6/6) D:11
  Swamp (0/4) Lair:2        Snake (0/4) Lair:3        Slime (0/5) Lair:6
    Orc (2/2) D:9             Elf (0/3) Orc:2        Vaults (0/5) D:13

Altars:
Ashenzari
Cheibriados
Dithmenos
Elyvilon
Fedhas
Gozag
Hepliaklqana
Kikubaaqudgha
Makhleb
Nemelex Xobeh
Okawaru
Qazlal
Ru
Sif Muna
Trog
Uskayaw
Vehumet
Wu Jian
Xom
Yredelemnul
Zin
The Shining One
Beogh

Shops:
D:5 [   D:13 (   Orc:2 [%[(

Annotations:
Lair:2 exclusion: 2 oklob plants
Lair:4 exclusion: oklob plant


Innate Abilities, Weirdness & Mutations

You have a pair of large horns on your head.
You are partially covered in icy blue scales. (AC +2)
Your flesh is cold resistant. (rC+)
You are immune to rotting.
Your flesh is heat resistant. (rF+)
Your magical capacity is low. (-10% MP)
Your muscles are strong. (Str +2)


Message History

The orc priest looks encouraged for a moment.
Unknown command.
An orc comes into view. It is wielding a falchion.
The orc shouts!
You hear a shout!
The ogre mage points at you and mumbles some strange words.
The bolt of lightning misses the orc.
The bolt of lightning hits you! You resist.
* * * LOW HITPOINT WARNING * * *
The orc priest looks braver for a moment.
You block the ogre's attack.
You hear a shout!
An orc warrior comes into view. It is wielding a short sword.
The orc warrior shouts!
An orc comes into view. It is wielding a club.
The orc priest invokes the aid of Beogh against you.
Pain shoots through your body!
* * * LOW HITPOINT WARNING * * *
The orc priest mumbles some strange prayers to Beogh against you.
Pain shoots through your body!
You die...

.. ..#.# ....
...## ..#...#
....#
.......o##...
.......#....##
.........o.....#
##.............##
........o....oO@<#
.................#
.....#.##..oOoo..#
.................#
.................#
.................#
.................#
.......(.........#
..............#.##


You could see an ogre mage, an orc warrior, an ogre, 2 orc priests and 4 orcs.

Vanquished Creatures
  Frances (D:13)
  Gastronok (Orc:1)
  Kirke (D:12)
  The ghost of Gargoyl the Corrupter of Planes, a journeyman CeAK of Lugonu (Lair:6)
  A minotaur (Lab)
  A yaktaur captain (D:13)
  A fire dragon (Lair:6)
  An ogre mage (Orc:2)
  Erolcha (D:10)
  4 hydras
  Harold (Lair:4)
  2 centaur warriors
  2 catoblepae
  18 two-headed ogres
  The ghost of Lokiki the Basher, a novice MiGl of Ru (D:9)
  Nergalle (Orc:1)
  Sonja (Lair:1)
  An unseen horror (D:10)
  2 deep trolls (Orc:2)
  A necromancer (IceCv)
  An orc knight (Orc:2)
  2 lindwurms
  2 ugly things
  A manticore (D:11)
  A deep elf mage (D:12)
  3 orc sorcerers
  4 cyclopes
  4 elephants (Lair:4)
  An ice statue (IceCv)
  4 black mambas (Lair:6)
  2 centaur zombies
  3 molten gargoyles (Lair:6)
  2 gargoyles
  5 spiny frogs
  2 yaktaurs (D:13)
  A rime drake (shapeshifter) (D:11)
  10 freezing wraiths (IceCv)
  A kobold demonologist (D:9)
  An efreet (D:13)
  8 komodo dragons
  3 rime drakes
  8 trolls
  2 hornets
  6 blink frogs
  A wolf spider simulacrum (IceCv)
  10 dream sheep (Lair:6)
  7 hippogriffs
  A meliai zombie (D:13)
  3 redbacks (Lab)
  6 wyverns
  32 yaks
  Sigmund (D:5)
  8 hogs
  A human (D:8)
  7 basilisks
  Eustachio (D:5)
  Menkaure (D:5)
  8 hungry ghosts
  3 steam dragons
  3 nagas (Lair:3)
  A two-headed ogre zombie (D:9)
  6 wargs
  16 water moccasins
  3 hell hounds (Lair:6)
  3 porcupines
  A black bear (D:8)
  10 orc warriors
  11 ice beasts
  5 sky beasts
  4 phantoms
  35 ogres
  5 centaurs
  2 necrophages
  8 crocodiles
  A big kobold (D:12)
  11 bullfrogs
  A gnoll sergeant (D:7)
  A wyvern zombie (D:13)
  A wyvern skeleton (D:13)
  A scorpion (D:7)
  9 wights (D:12)
  10 killer bees
  2 howler monkeys (D:9)
  A swamp dragon simulacrum (IceCv)
  2 electric eels (D:10)
  5 bullfrog zombies
  4 lava snakes (Lair:6)
  8 crimson imps
  2 draconian simulacra (IceCv)
  3 hounds
  2 quasits
  4 jellies
  11 orc priests
  4 bullfrog skeletons
  4 centaur skeletons
  8 orc wizards
  Ijyb (D:5)
  2 spriggan simulacra (IceCv)
  7 worker ants
  A polar bear simulacrum (IceCv)
  5 troll simulacra (IceCv)
  A wolf simulacrum (IceCv)
  7 ogre zombies (D:9)
  5 centaur simulacra (IceCv)
  A hound zombie (D:7)
  3 hound skeletons
  A worker ant zombie (D:7)
  16 adders
  9 gnolls
  3 ogre simulacra (IceCv)
  3 naga simulacra (IceCv)
  24 white imps
  6 oozes
  3 adder skeletons
  3 worms
  3 dart slugs
  6 leopard geckos
  34 orcs
  7 bats
  12 giant cockroaches
  8 hobgoblins
  9 jackals
  6 quokkas
  A ball python (D:1)
  8 frilled lizards
  8 goblins
  6 goblin zombies (D:9)
  2 hobgoblin skeletons (D:9)
  2 hobgoblin zombies (D:9)
  A jackal skeleton (D:6)
  15 kobolds
  A leopard gecko skeleton (D:4)
  5 orc skeletons (D:9)
  10 orc zombies (D:9)
  A quokka skeleton (D:6)
  5 rats
  A spectral orc (D:3)
  A fungus (Lair:4)
671 creatures vanquished.

Vanquished Creatures (others)
  A basilisk (Lair:6)
  An ogre (D:10)
  A crocodile (Lair:6)
  An orc wizard (D:3)
  2 fungi
  3 plants
9 creatures vanquished.

Grand Total: 680 creatures vanquished

Notes
Turn   | Place    | Note
-------+----------+-------------------------------------------
     0 | D:1      | Peloso the Demonspawn Fighter began the quest for the Orb.
     0 | D:1      | Reached XP level 1. HP: 18/18 MP: 1/1
   133 | D:1      | Reached skill level 2 in Long Blades
   176 | D:1      | Gained mutation: You are partially covered in icy blue scales. (AC +2) [demonic ancestry]
   176 | D:1      | Reached XP level 2. HP: 16/24 MP: 2/2
   713 | D:2      | Reached XP level 3. HP: 28/29 MP: 3/3
   778 | D:2      | Found a shimmering altar of Xom.
   779 | D:2      | Found a shimmering altar of Xom.
   779 | D:2      | Found a shimmering altar of Xom.
   780 | D:2      | Found a shimmering altar of Xom.
   782 | D:2      | Found a radiant altar of Vehumet.
  1281 | D:2      | Gained mutation: Your flesh is cold resistant. (rC+) [demonic ancestry]
  1281 | D:2      | Reached XP level 4. HP: 32/35 MP: 4/4
  1543 | D:2      | Reached skill level 3 in Long Blades
  1555 | D:2      | Reached XP level 5. HP: 37/41 MP: 5/5
  2127 | D:3      | Found a basalt altar of Yredelemnul.
  2187 | D:3      | Found a stormy altar of Qazlal.
  2220 | D:4      | Found a snail-covered altar of Cheibriados.
  2264 | D:4      | Found a staircase to the Ecumenical Temple.
  2278 | Temple   | Entered the Ecumenical Temple
  2320 | Temple   | Became a worshipper of Warmaster Okawaru
  2404 | D:4      | Noticed a phantom
  2472 | D:4      | Killed a phantom
  2472 | D:4      | Reached skill level 4 in Long Blades
  2472 | D:4      | Reached skill level 1 in Dodging
  2472 | D:4      | Reached XP level 6. HP: 39/47 MP: 6/6
  2869 | D:5      | Entered Level 5 of the Dungeon
  2869 | D:5      | Noticed Sigmund
  2874 | D:5      | Noticed Menkaure
  2878 | D:5      | Killed Sigmund
  2882 | D:5      | Killed Menkaure
  2882 | D:5      | Reached * piety under Okawaru
  2882 | D:5      | Gained mutation: You have a pair of small horns on your head. [demonic ancestry]
  2882 | D:5      | Reached XP level 7. HP: 17/53 MP: 7/7
  2891 | D:5      | Reached skill level 5 in Long Blades
  3054 | D:5      | Noticed Ijyb
  3067 | D:5      | Killed Ijyb
  3408 | D:5      | Reached ** piety under Okawaru
  3440 | D:5      | Found Bashriat's Antique Armour Shop.
  3456 | D:5      | Gained mutation: You have a pair of horns on your head. [demonic ancestry]
  3456 | D:5      | Reached XP level 8. HP: 48/60 MP: 8/8
  3475 | D:5      | Reached skill level 5 in Shields
  3500 | D:5      | Found a shadowy altar of Dithmenos.
  3533 | D:5      | Reached skill level 6 in Long Blades
  3550 | D:5      | Found an opulent altar of Gozag.
  3639 | D:5      | Noticed Eustachio
  3640 | D:5      | Found a sparkling altar of Nemelex Xobeh.
  3729 | D:5      | Killed Eustachio
  4083 | D:6      | Reached skill level 1 in Stealth
  4300 | D:6      | Reached skill level 5 in Armour
  4831 | D:7      | Found a glowing silver altar of Zin.
  4971 | D:7      | Reached *** piety under Okawaru
  4971 | D:7      | Gained mutation: You have a pair of large horns on your head. [demonic ancestry]
  4971 | D:7      | Reached XP level 9. HP: 43/66 MP: 9/9
  5073 | D:7      | Paralysed by a hornet for 3 turns
  5082 | D:7      | Paralysed by a hornet for 2 turns
  5084 | D:7      | Gained mutation: Your flesh is heat resistant. (rF+) [potion of mutation]
  5084 | D:7      | Gained mutation: Your flesh is very cold resistant. (rC++) [potion of mutation]
  5084 | D:7      | Lost mutation: Your flesh is very cold resistant. (rC++) [potion of mutation]
  5084 | D:7      | Gained mutation: Your muscles are strong. (Str +2) [potion of mutation]
  5085 | D:7      | HP: 1/66 [hornet (5)]
  5088 | D:7      | Reached skill level 7 in Long Blades
  5675 | D:7      | Found a blossoming altar of Fedhas.
  5675 | D:7      | Found a shimmering altar of Xom.
  5861 | D:7      | Found a bloodstained altar of Trog.
  6056 | D:8      | Reached skill level 5 in Fighting
  6280 | D:8      | Reached **** piety under Okawaru
  6989 | D:8      | Reached XP level 10. HP: 10/73 MP: 10/10
  7279 | D:8      | Identified the Incunabulum of Floating Evil Rites
  7692 | D:8      | Reached skill level 8 in Long Blades
  7961 | D:9      | Noticed a centaur warrior
  7963 | D:9      | Reached ***** piety under Okawaru
  7980 | D:9      | Killed a centaur warrior
  8410 | D:9      | Found a staircase to the Orcish Mines.
  8599 | D:9      | Received a gift from Okawaru
  8599 | D:9      | Reached skill level 9 in Long Blades
  8602 | D:9      | Got a pair of brightly glowing boots {god gift}
  8608 | D:9      | Identified the +0 pair of boots of Resourcefulness {*Contam Int+8 Stlth+} (Okawaru gifted it to you on level 9 of the Dungeon)
  8644 | D:9      | Got a slimy lead ring
  8755 | D:9      | Gained mutation: Your magical capacity is low. (-10% MP) [mutagenic glow]
  8756 | D:9      | Identified the ring "Mapnent" {rCorr rElec rPois Str-2 Dex+4} (You found it on level 9 of the Dungeon)
  8842 | D:9      | Noticed Lokiki's ghost (novice MiGl)
  8865 | D:9      | Killed Lokiki's ghost
  9272 | D:9      | Gained mutation: You are immune to rotting. [demonic ancestry]
  9272 | D:9      | Reached XP level 11. HP: 81/81 MP: 10/10
  9281 | D:10     | Entered Level 10 of the Dungeon
  9517 | D:10     | Killed an unseen horror
 11138 | D:11     | Found a staircase to the Lair.
 11181 | D:11     | HP: 1/83 [orc priest/divine providence (10)]
 11190 | D:11     | Reached skill level 10 in Long Blades
 11306 | D:11     | Noticed a brown ugly thing
 11318 | D:11     | Killed a brown ugly thing
 11318 | D:11     | Reached skill level 1 in Invocations
 11363 | D:11     | Noticed a two-headed ogre
 11372 | D:11     | Killed a two-headed ogre
 11616 | D:12     | Found a labyrinth entrance.
 11622 | Lab      | Entered a labyrinth
 11668 | Lab      | Found an exit through the horrors of the Abyss.
 11918 | Lab      | Reached skill level 1 in Evocations
 12014 | Lab      | Received a gift from Okawaru
 12213 | Lab      | Noticed a minotaur
 12222 | Lab      | Killed a minotaur
 12222 | Lab      | Reached XP level 12. HP: 91/91 MP: 10/12
 12230 | Lab      | Got an ivory scimitar
 12231 | Lab      | Identified the cursed +1 scimitar "Lyninolul" {slice, Str+3} (You found it in a labyrinth)
 12235 | Lab      | Got an ivory dagger
 12703 | D:12     | Noticed a five-headed hydra
 12706 | D:12     | Identified the +8 dagger of the Tundras {antimagic, Str+2} (You found it in a labyrinth)
 12721 | D:12     | Killed a five-headed hydra
 12721 | D:12     | Reached skill level 10 in Shields
 12809 | D:12     | Noticed Kirke
 13022 | D:11     | Reached skill level 11 in Long Blades
 13297 | D:12     | Killed Kirke
 13453 | D:12     | Reached skill level 1 in Polearms
 13669 | Lair:1   | Entered Level 1 of the Lair of Beasts
 13953 | Lair:1   | Noticed Sonja
 13957 | Lair:1   | Killed Sonja
 13957 | Lair:1   | Reached ****** piety under Okawaru
 14748 | Lair:2   | Found a staircase to the Swamp.
 15014 | Lair:2   | Noticed an eight-headed hydra
 15029 | Lair:2   | Killed an eight-headed hydra
 15029 | Lair:2   | Received a gift from Okawaru
 15036 | Lair:2   | Got a twisted chain mail {god gift}
 15047 | Lair:2   | Identified the +0 chain mail of Zigie {rF+ rC- rN+} (Okawaru gifted it to you on level 2 of the Lair of Beasts)
 15323 | Lair:2   | Noticed a catoblepas
 15332 | Lair:2   | Killed a catoblepas
 15332 | Lair:2   | Reached skill level 12 in Long Blades
 15332 | Lair:2   | Reached XP level 13. HP: 50/98 MP: 11/13
 15834 | Lair:3   | Found a staircase to the Snake Pit.
 15879 | Lair:3   | Found a frozen archway.
 15944 | IceCv    | Entered an ice cave
 16927 | IceCv    | Found an ancient bone altar of Kikubaaqudgha.
 17168 | IceCv    | Identified the Disquisition on Snow
 17880 | Lair:3   | Received a gift from Okawaru
 18537 | Lair:4   | Noticed Harold
 18550 | Lair:4   | Killed Harold
 19028 | Lair:4   | Found a blossoming altar of Fedhas.
 20440 | D:10     | Noticed Erolcha
 20470 | D:10     | Reached skill level 13 in Long Blades
 20473 | D:10     | Killed Erolcha
 20473 | D:10     | Received a gift from Okawaru
 20473 | D:10     | Reached XP level 14. HP: 25/108 MP: 14/14
 20481 | D:10     | Got a steaming falchion {god gift}
 20482 | D:10     | Identified the +1 falchion "Custuenk" {slice, rElec rPois Int-3 Stlth+} (Okawaru gifted it to you on level 10 of the Dungeon)
 20919 | D:13     | Found Pimearij's Weapon Shoppe.
 21023 | D:13     | Reached skill level 10 in Armour
 21198 | D:13     | Noticed Frances
 22165 | D:13     | Found a gate to the Vaults.
 22231 | D:13     | Killed Frances
 22584 | Lair:6   | Entered Level 6 of the Lair of Beasts
 22852 | Lair:6   | Received a gift from Okawaru
 23100 | Lair:6   | Found a staircase to the Slime Pits.
 24236 | Lair:6   | Reached skill level 10 in Fighting
 24290 | Lair:6   | Found a large runed door.
 24291 | Lair:6   | Found a large runed door.
 24505 | Lair:6   | Noticed Gargoyl's ghost (journeyman CeAK)
 24522 | Lair:6   | Killed Gargoyl's ghost
 25032 | Orc:1    | Entered Level 1 of the Orcish Mines
 25273 | Orc:1    | Noticed Nergalle
 25282 | Orc:1    | Killed Nergalle
 25339 | Orc:1    | Found a roughly hewn altar of Beogh.
 25352 | Orc:1    | Noticed Gastronok
 25365 | Orc:1    | Killed Gastronok
 25365 | Orc:1    | Reached skill level 14 in Long Blades
 25494 | Orc:2    | Entered Level 2 of the Orcish Mines
 25494 | Orc:2    | Found a burning altar of Makhleb.
 25495 | Orc:2    | Found a staircase to the Elven Halls.
 25783 | Orc:2    | Found Joeno's Armour Shoppe.
 25783 | Orc:2    | Found Qazuon's Weapon Shop.
 25820 | Orc:2    | Received a gift from Okawaru
 25833 | Orc:2    | Reached XP level 15. HP: 66/115 MP: 12/15
 26264 | Orc:2    | Found Sikun's Antique Armour Shop.
 26265 | Orc:2    | Found Amakh's Food Boutique.
 26360 | Orc:2    | Killed from afar by an orc priest

Skill      XL: |  1  2  3  4  5  6  7  8  9 10 11 12 13 14 |
---------------+-------------------------------------------+-----
Long Blades    | 2 3 4 5 6 7 9 10 12 13 14 | 14.1
Armour         | 3 4 5 6 7 8 9 10 | 10.8
Shields        | 3 4 5 7 8 9 10 12 13 | 13.6
Dodging        | 1 2 3 4 |  4.9
Fighting       | 4 5 6 7 8 9 10 | 10.6
Stealth        | 1 2 |  2.1
Invocations    | 1 2 3 |  3.4
Evocations     | 2 3 |  3.3
Polearms       | 1 2 |  2.2
Unarmed Combat | |  0.2

Action                   |  1- 3 |  4- 6 |  7- 9 | 10-12 | 13-15 || total
-------------------------+-------+-------+-------+-------+-------++-------
Melee: Long sword        |   129 |   177 |   486 |   202 |       ||   994
       Headbutt          |       |       |   107 |   304 |   428 ||   839
       Falchion          |       |       |       |   652 |    21 ||   673
       Scimitar          |       |       |       |    91 |  1083 ||  1174
       Spear             |       |       |       |    60 |    12 ||    72
       Unarmed           |       |       |       |     3 |       ||     3
Invok: Heroism           |       |       |     2 |    18 |    16 ||    36
       Finesse           |       |       |       |     1 |       ||     1
Evoke: Wand              |       |       |       |    63 |       ||    63
  Use: Scroll            |       |     4 |       |    17 |     7 ||    28
       Potion            |       |     4 |     4 |     1 |     2 ||    11
 Stab: Petrified         |       |       |       |       |     3 ||     3
  Eat: Chunk             |     1 |     5 |    11 |    27 |    29 ||    73
       Ration            |       |       |     1 |     3 |     2 ||     6
Armor: Scale mail        |    74 |   174 |   139 |       |       ||   387
       Chain mail        |       |       |   157 |       |       ||   157
       Plate armour      |       |       |       |   416 |   545 ||   961
Dodge: Dodged            |    42 |    79 |   192 |   210 |   359 ||   882
Block: Shield            |    68 |   120 |   388 |   610 |  1013 ||  2199
       Rpst.: Long sword |    12 |    27 |    47 |     3 |       ||    89
       Falchion          |       |       |       |    26 |     5 ||    31
       Scimitar          |       |       |       |     8 |    77 ||    85
